 Dungeon Crawl Stone Soup version 0.28-a0-511-gcc94558de3 (webtiles) character file.

Game seed: 14618090181925402388

57 siradein the Ducker (level 4, -2/37 HPs)
             Began as a Ghoul Gladiator on Sept 22, 2021.
             Killed from afar by Robin (6 damage)
             ... with a puff of flame
             ... on level 2 of the Dungeon.
             The game lasted 00:02:49 (1277 turns).

siradein the Ducker (Ghoul Gladiator)               Turns: 1277, Time: 00:02:49

Health: -2/37      AC:  4    Str: 18    XL:     4   Next: 0%
Magic:  3/3        EV: 12    Int:  3    God:
Gold:   48         SH:  0    Dex: 10    Spells: 3/3 levels left

rFire   . . .      SeeInvis .   a - +0 war axe
rCold   + . .      Faith    .   (no shield)
rNeg    + + +      Spirit   .   b - +0 leather armour
rPois   ∞          Reflect  .   c - +0 helmet
rElec   .          Harm     .   (no cloak)
rCorr   .          Rampage  .   (no gloves)
Will    .....                   (no boots)
Stlth   +.........              (no amulet)
HPRegen 0.00/turn               (no ring)
MPRegen 0.08/turn               (no ring)

@: inhibited regen
A: claws 1, cold resistance 1, negative energy resistance 3, inhibited
regeneration, torment resistance 2
a: no special abilities


You were on level 2 of the Dungeon.
You visited 1 branch of the dungeon, and saw 2 of its levels.

You collected 48 gold pieces.

Inventory:

Hand Weapons
 a - a +0 war axe (weapon)
Missiles
 d - 4 throwing nets (quivered)
 g - 24 stones
Armour
 b - a +0 leather armour (worn)
 c - a +0 helmet (worn)
Scrolls
 e - a scroll of enchant weapon {unknown}
 f - a scroll of summoning {unknown}
 h - 2 scrolls of noise {unknown}


   Skills:
 + Level 2.9 Fighting
 + Level 3.1 Axes
 + Level 2.3 Throwing
 + Level 3.2 Dodging


You had 3 spell levels left.
You didn't know any spells.
Your spell library was empty.

Dungeon Overview and Level Annotations

Branches:
Dungeon (2/15)

Altars:

Annotations:
D:2 Robin


Innate Abilities, Weirdness & Mutations

You thrive by killing the living.
You are immune to poison.
You have sharp fingernails.
Your flesh is cold resistant. (rC+)
You are immune to negative energy. (rN+++)
You do not regenerate when monsters are visible.
You are immune to unholy pain and torment.


Message History

You hit the hobgoblin.
You kill the hobgoblin!
You feel better.
You have reached level 4!
You start resting.
Robin is nearby!
A goblin comes into view. It is wielding a +0 club.
Robin barely misses you.
You see here a hobgoblin corpse.
You hit Robin.
Robin is lightly wounded.
Robin says, "Bow before me, strongest of all the hobgoblins!"
Robin hits you with a +0 club.
You hit Robin.
Robin is lightly wounded.
Robin throws the goblin at you!
You hit Robin but do no damage.
Robin is lightly wounded.
You barely miss the goblin. The goblin hits you with a +0 club.
Robin hits you with a +0 club.
You are too injured to fight recklessly!
You are too injured to fight recklessly!
You are too injured to fight recklessly!
You are too injured to fight recklessly!
You are too injured to fight recklessly!
You hit the goblin but do no damage. You barely miss Robin.
The goblin barely misses you. Robin barely misses you. The goblin misses you.
You closely miss the goblin. You hit Robin.
The goblin no longer looks unusually strong.
Robin closely misses you. The goblin barely misses you.
Robin zaps a wand.
The puff of flame hits you.
You miss the goblin. You hit Robin. The goblin completely misses you.
Robin zaps a wand.
The puff of flame hits you.
* * * LOW HITPOINT WARNING * * *
The goblin hits you with a +0 club.
* * * LOW HITPOINT WARNING * * *
You hit the goblin.
The goblin is severely wounded.
You closely miss Robin.
Robin zaps a wand.
The puff of flame hits you.
You die...

###################
#......†....†..g@g#
#.###############)#
#.# #)# #.# #.# #.#
#### #)# #.# ...
#.# #.# #.###.# #.#
#.....##### #.#
#.........#


You could see Robin and a goblin.

Vanquished Creatures
  An adder (D:2)
  A worm (D:2)
  2 ball pythons (D:1)
  6 bats
  3 endoplasms
  2 giant cockroaches
  10 goblins
  4 hobgoblins
  3 jackals (D:1)
  A quokka (D:1)
  4 frilled lizards
  3 kobolds (D:1)
40 creatures vanquished.

Notes
Turn   | Place    | Note
-------+----------+-------------------------------------------
     0 | D:1      | siradein the Ghoul Gladiator began the quest for the Orb.
     0 | D:1      | Reached XP level 1. HP: 17/17 MP: 0/0
   341 | D:1      | Reached XP level 2. HP: 25/25 MP: 1/1
   684 | D:1      | Reached XP level 3. HP: 28/30 MP: 2/2
  1261 | D:2      | Noticed Robin
  1269 | D:2      | Reached XP level 4. HP: 26/37 MP: 3/3
  1277 | D:2      | Killed from afar by Robin

Illustrated notes

Levels and vault maps discovered:
D:1:      dpeg_arrival_boxes_within_box, layout_basic
D:2:      layout_basic, uniq_robin

Skill      XL: |  1  2 |
---------------+-------+-----
Throwing       | 2 |  2.3
Axes           | 3 |  3.1
Dodging        | 3 |  3.2
Fighting       | |  2.9

Action                   |  1- 3 |  4- 6 || total
-------------------------+-------+-------++-------
Melee: War axe           |   119 |     7 ||   126
Armor: Leather armour    |    55 |     1 ||    56
Dodge: Dodged            |    97 |     7 ||   104

Table legend: (Time is in decaauts)
 A = Elapsed time spent in this place.
 B = Non-inter-level travel time spent in this place.
 C = Inter-level travel time spent in this place.
 D = Time resting spent in this place.
 E = Time spent auto-exploring this place.
 F = Levels seen in this place.
 G = Mean time per level.
                   A        B        C        D        E       F      G
               +--------+--------+--------+--------+--------+-----+--------+
         Total |   1320 |   1301 |     19 |      7 |    983 |   2 |  660.0 |
       Dungeon |   1320 |   1301 |     19 |      7 |    983 |   2 |  660.0 |
               +--------+--------+--------+--------+--------+-----+--------+

Top non-repeatable levels by time:
     D:1: 978 daAuts
     D:2: 341 daAuts
